 Dungeon Crawl Stone Soup version 0.30-a0-672-gc3a7216ad8 (webtiles) character file.

Game seed: 2312102201183117822

217 sokol815 the Digger (level 5, -3/31 HPs)
             Began as an Octopode Earth Elementalist on Jan 18, 2023.
             Slain by a gnoll bouda
             ... wielding a +0 whip
              (5 damage)
             ... on level 4 of the Dungeon.
             The game lasted 00:05:39 (2999 turns).

sokol815 the Digger (Octopode Earth Elementalist)   Turns: 2999, Time: 00:05:40

Health: -3/31      AC:  1    Str:  7    XL:     5   Next: 94%
Magic:  5/8        EV: 13    Int: 20    God:
Gold:   169        SH:  0    Dex: 12    Spells: 4/8 levels left

rFire   . . .      SeeInvis .    a - +1 dagger (elec)
rCold   . . .      Faith    .    (no shield)
rNeg    . . .      Spirit   .    (helmet restricted)
rPois   .          Reflect  .    (no amulet)
rElec   .          Harm     .    (no ring)
rCorr   .          Rampage  .    (no ring)
Will    .....                    (no ring)
Stlth   +++                      (no ring)
HPRegen 0.25/turn                (no ring)
MPRegen 0.11/turn                (no ring)
                                 (no ring)
                                 (no ring)

@: about to teleport, very slightly contaminated
A: almost no armour, amphibious, 8 rings, camouflage 1, gelatinous body 1,
(nimble swimmer 1), tentacles
a: no special abilities


You were on level 4 of the Dungeon.
You visited 1 branch of the dungeon, and saw 4 of its levels.

You collected 169 gold pieces.

Inventory:

Hand Weapons
 a - a +1 dagger of electrocution (weapon)
   (You found it on level 4 of the Dungeon)
 g - a +0 dagger
   (You took it off a kobold on level 2 of the Dungeon)
 l - a +0 hand axe
   (You took it off Terence on level 2 of the Dungeon)
 n - a +0 club
   (You took it off a goblin on level 1 of the Dungeon)
 t - a +1 dagger of draining
   (You took it off a goblin on level 3 of the Dungeon)
 w - a +1 rapier of venom
   (You found it on level 3 of the Dungeon)
Missiles
 q - 2 boomerangs
 s - 42 stones
 x - 13 poisoned darts
Armour
 r - a +0 kite shield
   (You found it on level 3 of the Dungeon)
Magical Staves
 o - a staff of death {rN+}
   (You found it on level 3 of the Dungeon)
Wands
 j - a wand of polymorph (14)
   (You found it on level 3 of the Dungeon)
 v - a wand of light (9)
   (You took it off Robin on level 4 of the Dungeon)
 y - a wand of mindburst (12)
   (You found it on level 3 of the Dungeon)
Scrolls
 c - a scroll of brand weapon {unknown}
 d - a scroll of vulnerability {unknown}
 h - a scroll of enchant armour {unknown}
 X - 2 scrolls of magic mapping {@r4!r}
Potions
 b - a potion of curing {unknown}
 e - a potion of haste {unknown}
 k - a potion of attraction {unknown}
 u - 2 potions of degeneration {!q}
 G - a potion of ambrosia {!q}
 L - a potion of flight
 M - a potion of magic
 U - a potion of mutation {!q}


   Skills:
 - Level 2.0 Dodging
 - Level 2.6 Stealth
 - Level 2.0 Spellcasting
 * Level 3.7 Conjurations
 - Level 1.0 Transmutations
 - Level 5.0 Earth Magic


You had 4 spell levels left.
You knew the following spells:

 Your Spells              Type           Power      Damage    Failure   Level
a - Sandblast             Erth           44%        2d11      1%          1
x - Stone Arrow           Conj/Erth      38%        3d9       8%          3

Your spell library contained the following spells:

 Spells                   Type           Power      Damage    Failure   Level
 Passwall                 Tmut/Erth      11%        N/A       7%          2
 Foxfire                  Conj/Fire      36%        2x1d5     8%          1
 Necrotise                Necr           8%         1d4       16%         1
 Ensorcelled Hibernation  Hex/Ice        4%         N/A       24%         2
 Spider Form              Tmut/Pois      4%         N/A       36%         3
 Petrify                  Tmut/Erth      14%        N/A       41%         4
 Vampiric Draining        Necr           2%         2d6       43%         3
 Anguish                  Hex/Necr       1%         N/A       83%         4
 Fireball                 Conj/Fire      4%         3d4       90%         5
 Agony                    Necr           2%         N/A       99%         5
 Starburst                Conj/Fire      4%         6d4       100%        6


Dungeon Overview and Level Annotations

Branches:
Dungeon (4/15) Zot: 20961
 Temple: D:4-7

Altars:
Fedhas
Nemelex Xobeh
Vehumet
Wu Jian
The Shining One


Innate Abilities, Weirdness & Mutations

You cannot wear most types of armour.
You are amphibious.
You can wear up to eight rings at the same time.
Your skin changes colour to match your surroundings (Stealth+).
Your rubbery body absorbs attacks. (AC +1, EV +1)
((You are camouflaged when in or above water. (Stealth+)))
You have tentacles for arms and can constrict up to eight enemies at once.


Message History

You now have 7/8 mp.
Aim: an iguana (85% to hit)
The blast of sand hits the iguana!
You now have 6/8 mp.
Aim: an iguana (almost dead, 85% to hit)
The blast of sand hits the iguana!
You kill the iguana!
You now have 5/8 mp.
You start resting.
MP restored: 8
There is an open door here.
A kobold comes into view. It is wielding a +0 club.
There is an open door here.
The blast of sand hits the kobold.
You kill the kobold!
You now have 7/8 mp.
x - 13 poisoned darts (gained 8)
Things that are here:
a +0 dagger; a kobold corpse A kobold comes into view.
It is wielding a +0 dagger.
You see here 4 stones.
The blast of sand hits the kobold!
You kill the kobold!
You now have 6/8 mp.
s - 35 stones (gained 4)
s - 38 stones (gained 3)
You see here a +0 club.
s - 42 stones (gained 4)
You see here a +0 dagger.
There is an open door here.
Found a stone staircase leading down.
MP restored: 8 You open the door.
There is an open door here.
You open the door.
There is an open door here.
You open the door.
There is an open door here.
There is an open door here.
There is an open door here.
Okay, then.
Okay, then.
You can't see any susceptible monsters within range! (Use Z to cast anyway.) Unknown command.
Unknown command.
Unknown command.
Unknown command.
A gnoll comes into view. It is wielding a +0 halberd.
There is an open door here.
A gnoll is nearby!
A gnoll is nearby!
A gnoll is nearby!
A gnoll comes into view.
It is wielding a +0 flail of protection.
A gnoll bouda comes into view. It is wielding a +0 whip.
No target in view!
The gnoll shouts!
There is an open door here.
There is an open door here.
The gnoll bouda shouts!
The gnoll bouda barks out a call to the hunt!
The gnolls pick up the pace!
There is an open door here.
Aim: a gnoll, wielding a +0 flail of protection (covering ground quickly, 85% to hit)
The blast of sand hits the gnoll.
The gnoll completely misses you. The gnoll misses you.
You now have 7/8 mp.
Aim: a gnoll, wielding a +0 flail of protection (moderately wounded, covering ground quickly, 85% to hit)
You miscast Sandblast.
You are very lightly contaminated with residual magic.
Nothing appears to happen.
The gnoll hits you with a +0 flail of protection.
You take 2 damage, and have 29/31 hp.
You now have 6/8 mp.
Aim: a gnoll, wielding a +0 flail of protection (moderately wounded, covering ground quickly, 85% to hit)
The blast of sand hits the gnoll!
You kill the gnoll!
The phantom hits you.
The phantom blinks!
You blink.
A gnoll comes into view. It is wielding a +0 halberd.
The gnoll hits you with a +0 halberd.
You take 10 damage, and have 19/31 hp.
MASSIVE DAMAGE!!
You now have 5/8 mp.
As you read the scroll of teleportation {@r3}, it crumbles to dust.
You feel strangely unstable. The phantom misses you.
The gnoll barely misses you.
The gnoll hits you from afar with a +0 halberd!
* * * LOW HITPOINT WARNING * * *
The gnoll shouts!
The gnoll closely misses you.
You take 12 damage, and have 8/31 hp.
MASSIVE DAMAGE!!
The phantom misses you. The phantom attacks as you move away!
The phantom hits you.
* * * LOW HITPOINT WARNING * * *
You take 6 damage, and have 2/31 hp.
Unknown command.
The phantom attacks as you move away! The phantom misses you.
The gnoll bouda attacks as you move away!
The gnoll bouda hits you with a +0 whip.
You die...

.)......# #.'...8..8..8...+
##..)...# ###§...#...#...§#
##......# #≈...##.##..§§#
###.#########≈§....8...§≈§#
###)##......#≈§≈......§≈≈≈#
.†.....# #≈≈≈≈....§§§≈≈#
.......# #≈≈≈≈≈≈.≈§≈§≈≈#
...)...############'#######
..........)'..gW@...#
......######...g...##
......+ ##..g#######..
......# #...'........
......# #...######..# #...#
###.# ... ##...


You could see a phantom, a gnoll bouda and 2 gnolls.

Vanquished Creatures
  A jelly (D:4)
  Terence (D:2)
  An iguana (D:4)
  2 orc wizards (D:4)
  Robin (D:4)
  A gnoll (D:4)
  An adder (D:3)
  A dart slug (D:1)
  5 orcs
  4 ball pythons
  5 bats
  2 endoplasms
  A giant cockroach (D:4)
  11 goblins
  4 hobgoblins
  6 kobolds
  3 quokkas
  A frilled lizard (D:1)
  2 rats
53 creatures vanquished.

Vanquished Creatures (others)
  A goblin (D:4)
1 creature vanquished.

Grand Total: 54 creatures vanquished

Notes
Turn   | Place    | Note
-------+----------+-------------------------------------------
     0 | D:1      | sokol815 the Octopode Earth Elementalist began the quest
                  | for the Orb.
     0 | D:1      | Reached XP level 1. HP: 11/11 MP: 3/3
   422 | D:1      | Reached XP level 2. HP: 17/17 MP: 3/5
  1160 | D:2      | Noticed Terence
  1167 | D:2      | Killed Terence
  1168 | D:2      | Reached skill level 4 in Earth Magic
  1168 | D:2      | Reached XP level 3. HP: 14/21 MP: 1/6
  1581 | D:3      | Reached XP level 4. HP: 27/27 MP: 5/7
  1678 | D:3      | Learned a level 3 spell: Stone Arrow
  1700 | D:3      | Found a radiant altar of Vehumet.
  1842 | D:3      | Found an ornate altar of the Wu Jian Council.
  2172 | D:3      | Found a sparkling altar of Nemelex Xobeh.
  2232 | D:4      | Noticed Robin
  2250 | D:4      | HP: 3/27 [Robin/bolt of light (20)]
  2357 | D:4      | Killed Robin
  2358 | D:4      | Reached skill level 1 in Conjurations
  2525 | D:4      | Reached skill level 2 in Conjurations
  2525 | D:4      | Reached skill level 5 in Earth Magic
  2525 | D:4      | Reached XP level 5. HP: 29/31 MP: 5/8
  2621 | D:4      | Found a glowing golden altar of the Shining One.
  2634 | D:4      | Reached skill level 3 in Conjurations
  2724 | D:4      | Found a blossoming altar of Fedhas.
  2789 | D:4      | Noticed a phantom
  2791 | D:4      | Noticed an ogre
  2998 | D:4      | HP: 2/31 [phantom (6)]
  2999 | D:4      | Slain by a gnoll bouda

Illustrated notes

Levels and vault maps discovered:
D:1:      saegor_arrival_miasma, layout_loops_ring,
          wander_ebering_terrifying_dragon_lair
D:2:      layout_loops_ring, uniq_terence
D:3:      layout_basic, mainiacjoe_overflow_brackets,
          nemelex_diamond_rough_becter, vehumet_crystals, minmay_distorted
D:4:      layout_basic, amcnicky_altar_gilded,
          mainiacjoe_overflow_six_doors_small, kennysheep_generic_room_2,
          uniq_robin

Skill      XL: |  1  2  3  4  5 |
---------------+----------------+-----
Earth Magic    | 4 5 |  5.0
Conjurations   | 2 3 |  3.7
Dodging        | |  2.0
Stealth        | |  2.6
Spellcasting   | |  2.0
Transmutations | |  1.0

Action                   |  1- 3 |  4- 6 || total
-------------------------+-------+-------++-------
Melee: Club              |     1 |       ||     1
       Tentacles         |     1 |       ||     1
       Dagger            |       |     2 ||     2
 Cast: Sandblast         |    27 |    45 ||    72
  Use: Scroll            |     2 |     6 ||     8
Armor: Skin              |       |     1 ||     1
Dodge: Dodged            |     5 |    18 ||    23

Table legend: (Time is in decaauts)
 A = Elapsed time spent in this place.
 B = Non-inter-level travel time spent in this place.
 C = Inter-level travel time spent in this place.
 D = Time resting spent in this place.
 E = Time spent auto-exploring this place.
 F = Levels seen in this place.
 G = Mean time per level.
                   A        B        C        D        E       F      G
               +--------+--------+--------+--------+--------+-----+--------+
         Total |   3038 |   2962 |     76 |    309 |   2285 |   4 |  759.5 |
       Dungeon |   3038 |   2962 |     76 |    309 |   2285 |   4 |  759.5 |
               +--------+--------+--------+--------+--------+-----+--------+

Top non-repeatable levels by time:
     D:3: 976 daAuts
     D:2: 776 daAuts
     D:1: 674 daAuts
     D:4: 610 daAuts

Table legend:
 A = Kills in this place as a percentage of kills in entire the game.
 B = Kills by you in this place as a percentage of kills by you in the entire game.
 C = Kills by friends in this place as a percentage of kills by friends in the entire game.
 D = Other kills in this place as a percentage of other kills in the entire game.
 E = Experience gained in this place as a percentage of experience gained in the entire game.
 F = Experience gained in this place divided by the number of levels of this place that you have seen.
                   A       B       C       D       E      F
               +-------+-------+-------+-------+-------+----------------------
         Total | 100.0 | 100.0 |   N/A |   N/A | 100.0 |  77.8
       Dungeon | 100.0 | 100.0 |   N/A |   N/A | 100.0 |  77.8
               +-------+-------+-------+-------+-------+----------------------
